 Dungeon Crawl Stone Soup version 0.29-a0-330-g52719c12eb (webtiles) character file.

Game seed: 1076165783446704253

461 HoaS the Quickloader (level 7, -9/41 HPs)
             Began as a Kobold Hunter on May 18, 2022.
             Was an Initiate of Cheibriados.
             Killed from afar by a steam dragon (15 damage)
             ... with a ball of steam
             ... on level 4 of the Dungeon.
             The game lasted 00:07:02 (3745 turns).

HoaS the Quickloader (Kobold Hunter)                Turns: 3745, Time: 00:07:02

Health: -9/41      AC:  6    Str:  9    XL:     7   Next: 28%
Magic:  7/7        EV: 14    Int: 12    God:    Cheibriados [......]
Gold:   170        SH:  5    Dex: 27    Spells: 6/6 levels left

rFire   . . .      SeeInvis .   a - +1 hand crossbow
rCold   . . .      Faith    .   (no shield)
rNeg    . . .      Spirit   .   q - +0 ring mail
rPois   .          Reflect  +   (no helmet)
rElec   .          Harm     .   (no cloak)
rCorr   .          Rampage  .   (no gloves)
Will    +....                   n - +0 pair of boots
Stlth   +++.......              k - amulet of reflection
HPRegen 0.13/turn               j - ring of willpower
MPRegen 0.10/turn               p - +6 ring of dexterity

@: very slow
A: small, no large weapons, nightstalker 3
a: Renounce Religion


You were on level 4 of the Dungeon.
You worshipped Cheibriados.
Cheibriados was noncommittal.
You visited 1 branch of the dungeon, and saw 4 of its levels.

You collected 170 gold pieces.

Inventory:

Hand Weapons
 a - a +1 hand crossbow (weapon)
Armour
 n - a +0 pair of boots (worn)
 q - a +0 ring mail (worn)
Jewellery
 j - a ring of willpower (left hand)
 k - an amulet of reflection (around neck)
 p - a +6 ring of dexterity (right hand)
Wands
 m - a wand of polymorph (8)
Scrolls
 c - 3 scrolls of immolation
Potions
 e - a potion of curing
 f - a potion of flight {unknown}
 g - a potion of invisibility {unknown}
 h - a potion of degeneration {unknown}
 i - a potion of lignification {unknown}
 o - a potion of cancellation {unknown}


   Skills:
 * Level 3.2 Fighting
 - Level 10.0 Crossbows
 + Level 3.0 Dodging
 - Level 1.3 Stealth
 + Level 1.3 Invocations


You had 6 spell levels left.
You didn't know any spells.
Your spell library was empty.

Dungeon Overview and Level Annotations

Branches:
Dungeon (4/15)
 Temple: D:4-7

Altars:
Cheibriados
Gozag

Annotations:
D:4 raylemon's ghost, amateur MiFi


Innate Abilities, Weirdness & Mutations

You are small and have problems with some larger weapons.
You are completely attuned to the shadows.


Message History

You block the endoplasm's attack. The steam dragon closely misses you. x2
The steam dragon attacks as you move away!
You block the steam dragon's attack. The steam dragon claws you.
The endoplasm is engulfed in a cloud of scalding steam.
The endoplasm dies!
The steam dragon breathes steam at you. The ball of steam hits you!
The steam dragon barely misses you. The steam dragon claws you.
* * * LOW HITPOINT WARNING * * *
Okay, then.
Shoot: a) +1 hand crossbow
Press: ? - help, Q - select action, (/) - cycle Shift-Dir - straight line, f/p - steam dragon
Aim: a steam dragon (lightly wounded, 72% to hit)
You shoot a bolt. The bolt hits the steam dragon!
The steam dragon is heavily wounded.
The steam dragon bites you but does no damage.
The steam dragon closely misses you.
Shoot: a) +1 hand crossbow
Press: ? - help, Q - select action, (/) - cycle Shift-Dir - straight line, f/p - steam dragon
Aim: a steam dragon (heavily wounded, 72% to hit)
You shoot a bolt.
The bolt hits the steam dragon but does no damage.
The steam dragon is heavily wounded.
The steam dragon bites you but does no damage.
The steam dragon barely misses you.
Shoot: a) +1 hand crossbow
Press: ? - help, Q - select action, (/) - cycle Shift-Dir - straight line, f/p - steam dragon
Aim: a steam dragon (heavily wounded, 72% to hit)
You shoot a bolt.
The bolt hits the steam dragon but does no damage.
The steam dragon is heavily wounded.
The goblin closely misses you. The steam dragon breathes steam at you.
The ball of steam hits you.
* * * LOW HITPOINT WARNING * * *
The steam dragon misses you. The steam dragon closely misses you.
The goblin misses you. The steam dragon breathes steam at you.
The ball of steam hits you!
You die...

#######8............##.#
#..####.######...# .#..#
#.## #.### .o#..# #.#.##
#.# . #.###.## #.# ..#.#
##.###.# #
...#######....# #
.......##.##### #
.D#...g#@##
#.#..#...D§##
..#..#.#.§## ..#..#.#.##
.W#..#.#.## .o#.......#
### ####8.####.# ### #.#
#.##.## #)#####.## ..#
#..†.# #..).....#####


You could see a steam dragon (catching breath).

Vanquished Creatures
  A scorpion (D:4)
  A howler monkey (D:4)
  3 hounds
  2 orc priests (D:3)
  Jessica (D:2)
  An iguana (D:4)
  2 orc wizards
  5 adders
  A worm (D:3)
  A dart slug (D:3)
  7 orcs
  2 ball pythons
  4 endoplasms
  3 giant cockroaches
  5 hobgoblins
  5 jackals
  3 quokkas
  3 bats (D:1)
  3 frilled lizards
  8 goblins
  6 kobolds
  4 rats
71 creatures vanquished.

Vanquished Creatures (others)
  An endoplasm (D:4)
1 creature vanquished.

Grand Total: 72 creatures vanquished

Notes
Turn   | Place    | Note
-------+----------+-------------------------------------------
     0 | D:1      | HoaS the Kobold Hunter began the quest for the Orb.
     0 | D:1      | Reached XP level 1. HP: 12/12 MP: 1/1
   293 | D:1      | Reached XP level 2. HP: 17/17 MP: 2/2
   305 | D:1      | Reached skill level 6 in Crossbows
   603 | D:1      | Reached XP level 3. HP: 21/21 MP: 3/3
   930 | D:2      | Noticed Jessica
   931 | D:2      | Killed Jessica
   932 | D:2      | Reached skill level 7 in Crossbows
   932 | D:2      | Reached XP level 4. HP: 26/26 MP: 4/4
  2069 | D:3      | Reached skill level 8 in Crossbows
  2069 | D:3      | Reached XP level 5. HP: 14/30 MP: 5/5
  2483 | D:3      | Reached skill level 9 in Crossbows
  2483 | D:3      | Reached XP level 6. HP: 26/35 MP: 6/6
  3338 | D:4      | Reached skill level 10 in Crossbows
  3345 | D:4      | Found a snail-covered altar of Cheibriados.
  3345 | D:4      | Found an opulent altar of Gozag.
  3421 | D:4      | Became a worshipper of Cheibriados the Contemplative
  3488 | D:4      | Reached XP level 7. HP: 39/40 MP: 7/7
  3594 | D:4      | Noticed raylemon's ghost (amateur MiFi)
  3633 | D:4      | Reached skill level 1 in Invocations
  3732 | D:4      | Noticed a steam dragon
  3745 | D:4      | Killed from afar by a steam dragon

Illustrated notes

Levels and vault maps discovered:
D:1:      matt_arrival_los_fun, layout_rooms
D:2:      layout_loops_corners, uniq_jessica
D:3:      layout_loops_ring
D:4:      layout_loops_ring, gammafunk_temple_overflow_elements,
          biasface_ghost_orc_armoury

Skill      XL: |  1  2  3  4  5  6  7 |
---------------+----------------------+-----
Crossbows      | 6 7 8 9 10 | 10.0
Invocations    | 1 |  1.3
Fighting       | 3 |  3.2
Dodging        | 3 |  3.0
Stealth        | |  1.3

Action                   |  1- 3 |  4- 6 |  7- 9 || total
-------------------------+-------+-------+-------++-------
 Fire: Hand crossbow     |    57 |   129 |    19 ||   205
  Use: Scroll            |     1 |     4 |       ||     5
Armor: Leather armour    |     3 |     5 |       ||     8
       Ring mail         |       |     6 |     3 ||     9
Dodge: Dodged            |    17 |    25 |    10 ||    52
Block: Other             |       |     9 |     2 ||    11

Table legend: (Time is in decaauts)
 A = Elapsed time spent in this place.
 B = Non-inter-level travel time spent in this place.
 C = Inter-level travel time spent in this place.
 D = Time resting spent in this place.
 E = Time spent auto-exploring this place.
 F = Levels seen in this place.
 G = Mean time per level.
                   A        B        C        D        E       F      G
               +--------+--------+--------+--------+--------+-----+--------+
         Total |   3869 |   3804 |     65 |   1015 |   2352 |   4 |  967.2 |
       Dungeon |   3869 |   3804 |     65 |   1015 |   2352 |   4 |  967.2 |
               +--------+--------+--------+--------+--------+-----+--------+

Top non-repeatable levels by time:
     D:3: 1192 daAuts
     D:4: 964 daAuts
     D:2: 960 daAuts
     D:1: 751 daAuts
